 Dungeon Crawl Stone Soup version 0.17.0-27-g4a3f43e (webtiles) character file.

1904 Gravenous the Firebug (level 8, -6/46 HPs)
             Began as a High Elf Fire Elementalist on Nov 21, 2015.
             Mangled by Joseph
             ... wielding a +0 quarterstaff
              (14 damage)
             ... on level 7 of the Dungeon.
             The game lasted 00:20:00 (8108 turns).

Gravenous the Firebug (High Elf Fire Elementalist)  Turns: 8108, Time: 00:20:00

Health: -6/46      AC:  8    Str:  7    XL:     8   Next: 94%
Magic:  3/16       EV: 16    Int: 20    God:
Gold:   314        SH:  0    Dex: 17    Spells: 4 memorised, 6 levels left

rFire  . . .     SeeInvis .     j - +0 short sword
rCold  . . .     Clarity  .     a - +0 robe
rNeg   . . .     SustAt   .     (no shield)
rPois  .         Gourm    .     (no helmet)
rElec  .         Spirit   .     (no cloak)
rCorr  .         Warding  .     y - +0 pair of gloves
rMut   .         Stasis   .     (no boots)
MR     .....                    (no amulet)
Stlth  +++.......               (no ring)
                                B - +5 ring of protection

@: hasted, very quick, not resistant to hostile enchantments, fairly stealthy
A: no striking features
a: no special abilities


You were on level 7 of the Dungeon.
You were near starving.

You visited 1 branch of the dungeon, and saw 7 of its levels.

You collected 314 gold pieces.

Inventory:

Hand Weapons
 j - a +0 short sword (weapon)
Armour
 a - a +0 robe (worn)
 y - a +0 pair of gloves (worn)
Jewellery
 B - a +5 ring of protection (left hand)
Wands
 z - a wand of polymorph (18)
 A - a wand of cold (1)
 C - a wand of frost (18)
Scrolls
 d - 2 scrolls of enchant weapon {unknown}
 e - a scroll of amnesia {unknown}
 g - 3 scrolls of remove curse
 k - a scroll of enchant armour {unknown}
 o - 3 scrolls of identify
 r - a scroll of magic mapping {unknown}
 u - a scroll of random uselessness {unknown}
 v - a scroll of blinking {unknown}
 D - a scroll of noise {unknown}
 F - a scroll of silence {unknown}
Potions
 i - a potion of curing
 p - 2 potions of ambrosia {unknown}
 q - a potion of poison
 s - a potion of mutation
 w - 2 potions of brilliance
 G - 4 potions of flight {unknown}
 H - a potion of magic
Books
 b - a book of Flames

   Spells                             Type                      Level
   a - Flame Tongue                   Conjuration/Fire             1
   b - Throw Flame                    Conjuration/Fire             2
   c - Conjure Flame                  Conjuration/Fire             3
   d - Inner Flame                    Hexes/Fire                   3
   e - Sticky Flame                   Conjuration/Fire             4
   f - Fireball                       Conjuration/Fire             5
Comestibles
 c - 6 bread rations
 f - 3 fruits
 l - a royal jelly
 m - 3 slices of pizza
 n - 3 meat rations
 t - 2 beef jerkies


   Skills:
 * Level 6.5 Dodging
 - Level 4.0 Stealth
 - Level 4.9 Spellcasting
 + Level 6.7 Conjurations
 + Level 7.1 Fire Magic


You had 6 spell levels left.
You knew the following spells:

 Your Spells              Type           Power        Failure   Level  Hunger
a - Throw Flame           Conj/Fire      ####..       1%          2    #......
b - Conjure Flame         Conj/Fire      ####....     1%          3    ##.....
c - Sticky Flame          Conj/Fire      ####....     10%         4    ####...
d - Flame Tongue          Conj/Fire      ####.        1%          1    None


Dungeon Overview and Level Annotations

Branches:
Dungeon (7/15)             Temple (0/1) D:5

Altars:
Elyvilon
Kikubaaqudgha
Nemelex Xobeh
Qazlal
Zin

Shops:
D:4 (   D:5 *

Annotations:
D:2 Sigmund
D:3 Grinder
D:7 Joseph


Message History

You feel much better.
Joseph burns!
Joseph hits you with a quarterstaff!!
Ouch! That really hurt!
Casting: Throw Flame
Confirm with . or Enter, or press ? or * to list all spells.
Aiming: Sticky Flame
Press: ? - help, Shift-Dir - straight line, f/p - Joseph
Aim: Joseph, wielding a quarterstaff and wearing a ring mail (heavily wounded, unusually strong, covered in liquid flames)
The sticky flame hits Joseph.
Joseph is heavily wounded.
Joseph is covered in liquid flames!
Joseph burns!
Joseph hits you with a quarterstaff!
* * * LOW HITPOINT WARNING * * *
Drink which item? (? for menu, Esc to quit)
You feel better.
Joseph burns!
Joseph hits you with a quarterstaff!
* * * LOW HITPOINT WARNING * * *
Drink which item? (? for menu, Esc to quit)
You feel better.
Joseph burns!
Joseph closely misses you.
Drink which item? (? for menu, Esc to quit)
You feel yourself speed up.
Joseph burns!
Joseph hits you with a quarterstaff!
You die...

### #.# #<#
#.# #####
#.#
..)...###)#
#.@@..#
#######


You could see Joseph (burning).

Vanquished Creatures
  Pikel (D:5)
  2 sky beasts (D:6)
  Blork the orc (D:4)
  2 scorpions
  6 killer bees (D:5)
  A jelly (D:5)
  An orc priest (D:3)
  2 hounds
  8 orc wizards
  Jessica (D:2)
  Natasha (thrice) (D:4)
  2 iguanas
  4 worker ants
  A hound skeleton (D:4)
  6 adders
  7 gnolls
  4 oozes
  6 worms
  2 giant geckos
  24 orcs
  8 giant cockroaches
  10 hobgoblins
  11 kobolds
  11 bats
  A giant gecko zombie (D:5)
  5 giant newts
  9 goblins
  A quokka (D:5)
  A quokka skeleton (D:5)
  7 rats
148 creatures vanquished.

Vanquished Creatures (others)
  A giant gecko (D:5)
1 creature vanquished.

Grand Total: 149 creatures vanquished

Notes
Turn   | Place    | Note
--------------------------------------------------------------
     0 | D:1      | Gravenous the High Elf Fire Elementalist began the quest for the Orb.
     0 | D:1      | Reached XP level 1. HP: 11/11 MP: 4/4
   260 | D:1      | Reached XP level 2. HP: 17/17 MP: 0/6
   900 | D:1      | Reached XP level 3. HP: 21/21 MP: 6/8
   925 | D:1      | Learned a level 3 spell: Conjure Flame
  1141 | D:2      | Noticed Sigmund
  1368 | D:2      | Noticed Jessica
  1380 | D:2      | Killed Jessica
  1380 | D:2      | Reached XP level 4. HP: 6/27 MP: 0/9
  2116 | D:3      | Found a sparkling altar of Nemelex Xobeh.
  2152 | D:3      | Found a stormy altar of Qazlal.
  2170 | D:3      | Reached skill level 4 in Fire Magic
  2593 | D:3      | Found an ancient bone altar of Kikubaaqudgha.
  2673 | D:3      | Reached XP level 5. HP: 29/31 MP: 4/11
  2675 | D:3      | Noticed Grinder
  2731 | D:3      | Learned a level 4 spell: Sticky Flame
  3715 | D:3      | Reached XP level 6. HP: 27/36 MP: 6/12
  3799 | D:3      | Found a white marble altar of Elyvilon.
  4338 | D:4      | Noticed Natasha
  4357 | D:4      | Killed Natasha
  4430 | D:4      | Reached skill level 5 in Fire Magic
  4592 | D:4      | Noticed Blork the orc
  4600 | D:4      | Killed Blork the orc
  4600 | D:4      | Reached XP level 7. HP: 41/41 MP: 6/14
  5575 | D:4      | Reached skill level 5 in Conjurations
  5584 | D:4      | Noticed Natasha
  5594 | D:4      | Killed Natasha
  5684 | D:4      | Found Lellall's Weapon Shop.
  5897 | D:4      | Noticed Natasha
  5902 | D:4      | Killed Natasha
  5981 | D:5      | Entered Level 5 of the Dungeon
  5993 | D:5      | Found Zin's Purification Station.
  5996 | D:5      | Found a glowing silver altar of Zin.
  6148 | D:5      | Noticed Pikel
  6547 | D:5      | Learned a level 2 spell: Throw Flame
  6703 | D:5      | Killed Pikel
  6703 | D:5      | Reached skill level 5 in Dodging
  6703 | D:5      | Reached skill level 6 in Conjurations
  6703 | D:5      | Reached XP level 8. HP: 17/46 MP: 12/16
  7007 | D:5      | Found a staircase to the Ecumenical Temple.
  7637 | D:6      | Reached skill level 7 in Fire Magic
  8097 | D:7      | Noticed Joseph
  8106 | D:7      | HP: 1/46 [Joseph/quarterstaff (16)]
  8108 | D:7      | Mangled by Joseph

Action                   |  1- 3 |  4- 6 |  7- 9 || total
-------------------------+-------+-------+-------++-------
Melee: Unarmed           |     3 |       |       ||     3
       Short sword       |    13 |    45 |    35 ||    93
 Cast: Flame Tongue      |    67 |   118 |    17 ||   202
       Conjure Flame     |       |     8 |     5 ||    13
       Sticky Flame      |       |     6 |    24 ||    30
       Throw Flame       |       |       |    18 ||    18
  Use: Potion            |       |     1 |     6 ||     7
       Scroll            |       |       |     8 ||     8
 Stab: Invisible         |       |       |     1 ||     1
       Sleeping          |       |       |     1 ||     1
  Eat: Chunk             |     1 |    12 |    10 ||    23
       Bread ration      |       |       |     1 ||     1
